 Dungeon Crawl Stone Soup version 0.19-a0-791-g6e182cc (webtiles) character file.

14 FrankyJ the Grasshopper (level 2, 0/24 HPs)
             Began as a Centaur Warper on June 26, 2016.
             Succumbed to an adder's poison
             ... on level 2 of the Dungeon.
             The game lasted 00:01:24 (832 turns).

FrankyJ the Grasshopper (Centaur Warper)             Turns: 832, Time: 00:01:25

Health: 0/24       AC:  4    Str: 13    XL:     2   Next: 27%
Magic:  4/4        EV:  9    Int: 12    God:
Gold:   95         SH:  0    Dex:  8    Spells: 1 memorised, 3 levels left

rFire  . . .     SeeInvis .     a - +0 hand axe
rCold  . . .     Gourm    .     b - +0 leather armour
rNeg   . . .     Faith    .     (no shield)
rPois  .         Spirit   .     (no helmet)
rElec  .         Dismiss  .     (no cloak)
rCorr  .         Reflect  .     (no gloves)
SustAt .         Harm     .     (no barding)
MR     .....                    (no amulet)
Stlth  ..........               (no ring)
                                (no ring)

@: lethally poisoned (0 -> -8), very quick, not resistant to hostile
enchantments, extremely unstealthy
A: hooves 3, deformed body, speed 2, tough skin 3
a: no special abilities


You were on level 2 of the Dungeon.
You were not hungry.

You visited 1 branch of the dungeon, and saw 2 of its levels.

You collected 95 gold pieces.

Inventory:

Hand Weapons
 a - a +0 hand axe (weapon)
Missiles
 e - 5 tomahawks of dispersal (quivered)
Armour
 b - a +0 leather armour (worn)
Scrolls
 d - a scroll of blinking
 g - a scroll of remove curse {unknown}
 k - a scroll of enchant armour {unknown}
Potions
 i - a potion of flight {unknown}
 j - 2 potions of invisibility {unknown}
 m - a potion of curing {unknown}
Books
 c - a book of Spatial Translocations

   Spells                             Type                      Level
   a - Apportation                    Translocation                1
   b - Blink                          Translocation                2
   c - Shroud of Golubria             Charms/Translocation         2
   d - Portal Projectile              Translocation                3
   e - Teleport Other                 Translocation                3
   f - Passage of Golubria            Translocation                4
Comestibles
 f - 2 bread rations
 l - a meat ration


   Skills:
 - Level 2.0 Fighting
 + Level 2.1 Axes
 - Level 1.1 Throwing
 + Level 0.8 Armour
 + Level 1.5 Dodging
 + Level 1.7 Spellcasting
 + Level 2.8 Translocations


You had 3 spell levels left.
You knew the following spells:

 Your Spells              Type           Power        Failure   Level  Hunger
a - Apportation           Tloc           #.........   14%         1    ##.....


Dungeon Overview and Level Annotations

Branches:
Dungeon (2/15)

Altars:


Innate Abilities, Weirdness & Mutations

You have hooves in place of feet.
Armour fits poorly on your strangely shaped body.
You cover ground very quickly.
You have extremely tough skin. (AC +3)


Message History

You feel sick.
You feel sick.
You feel sick.
You hit the adder.
The adder is lightly wounded.
The adder bites you.
You miss the adder. Your kick misses the adder.
The adder is lightly wounded.
The adder bites you.
* * * LOW HITPOINT WARNING * * *
You are lethally poisoned!
The adder poisons you! The adder barely misses you.
You hit the adder but do no damage.
The adder is lightly wounded.
* * * LOW HITPOINT WARNING * * *
You feel sick. The adder bites you.
* * * LOW HITPOINT WARNING * * *
You hit the adder.
The adder is severely wounded.
You die...

... #....#................
...##....#................
...##....#................
.........#########........
.........# #........
.........# #........
........## #........
........##########........
................@Sl)......
'##....###################
.##....# .##....# .##....#
.##....# .##....# .#######
##


You could see an adder and a giant newt.

Vanquished Creatures
  2 goblins
  A hobgoblin (D:2)
  3 kobolds
  A ball python (D:2)
  4 bats (D:1)
  5 rats (D:1)
16 creatures vanquished.

Notes
Turn   | Place    | Note
--------------------------------------------------------------
     0 | D:1      | FrankyJ the Centaur Warper began the quest for the Orb.
     0 | D:1      | Reached XP level 1. HP: 17/17 MP: 3/3
   471 | D:1      | Reached XP level 2. HP: 24/24 MP: 4/4
   831 | D:2      | HP: 1/24 [adder (4)]
   832 | D:2      | Succumbed to an adder's poison

Vault maps used:
D:1:      tarquinn_simple_flora_water_c, minivault_26

Skill      XL: |  1 |
---------------+----+-----
Axes           | 2 |  2.1
Fighting       | |  2.0
Throwing       | |  1.1
Armour         | |  0.8
Dodging        | |  1.5
Spellcasting   | |  1.7
Translocations | |  2.8

Action                   || total
-------------------------++-------
Melee: Hand axe          ||    54
       Kick              ||     5
Armor: Leather armour    ||    18
Dodge: Dodged            ||    34
